 Dungeon Crawl Stone Soup version 0.21.1-1-g345015f (webtiles) character file.

577 Kairos the Chopper (level 7, 0/54 HPs)
             Began as a Human Fighter on Apr 1, 2018.
             Slain by an orc warrior
             ... wielding a +0 halberd
              (7 damage)
             ... on level 6 of the Dungeon.
             The game lasted 00:07:00 (4921 turns).

Kairos the Chopper (Human Fighter)                  Turns: 4921, Time: 00:07:01

Health: 0/54       AC:  9    Str: 21      XL:     7   Next: 62%
Magic:  7/7        EV:  6    Int:  9      God:
Gold:   261        SH:  9    Dex:  9 (14) Spells: 6/6 levels left

rFire    . . .     SeeInvis +   a - +0 war axe
rCold    . . .     Gourm    .   c - +0 shield
rNeg     . . .     Faith    .   n - +0 chain mail
rPois    +         Spirit   .   (no helmet)
rElec    .         Reflect  .   (no cloak)
rCorr    .         Harm     .   (no gloves)
MR       .....                  (no boots)
Stlth    ..........             u - amulet of magic regeneration
HPRegen  0.18/turn              o - ring of poison resistance
MPRegen  0.35/turn              x - ring of see invisible

@: mighty
A: no striking features
a: no special abilities


You were on level 6 of the Dungeon.
You were very hungry.

You visited 1 branch of the dungeon, and saw 6 of its levels.

You collected 261 gold pieces.

Inventory:

Hand Weapons
 a - a +0 war axe (weapon)
Armour
 b - a +0 scale mail
 c - a +0 shield (worn)
 n - a +0 chain mail (worn)
Jewellery
 o - a ring of poison resistance (left hand)
 u - an amulet of magic regeneration (around neck)
 x - a ring of see invisible (right hand)
Scrolls
 e - a scroll of enchant armour {unknown}
 g - a scroll of remove curse
 i - 2 scrolls of amnesia
 j - a scroll of teleportation {unknown}
 q - a scroll of noise {unknown}
 s - a scroll of fog {unknown}
 t - 2 scrolls of identify {unknown}
 B - a scroll of fear {unknown}
Potions
 d - 2 potions of might
 h - 2 potions of curing {unknown}
 k - 3 potions of degeneration {unknown}
 l - a potion of resistance {unknown}
 m - 2 potions of cancellation {unknown}
 p - 3 potions of lignification {unknown}
 r - a potion of brilliance {unknown}
 v - a potion of heal wounds {unknown}
 w - a potion of flight {unknown}
 z - a potion of agility {unknown}
Comestibles
 f - 13 rations


   Skills:
 + Level 4.1 Fighting
 + Level 4.8 Axes
 + Level 4.5 Armour
 + Level 2.1 Dodging
 + Level 0.2 Stealth
 + Level 4.6 Shields


You had 6 spell levels left.
You didn't know any spells.

Dungeon Overview and Level Annotations

Branches:
Dungeon (6/15)
 Temple: D:4-7

Altars:

Shops:
D:4 ?


Message History

Your shield and chain mail prevent you from hitting the orc warrior.
The orc warrior is lightly wounded.
The orc warrior hits you with a halberd.
You slash the orc warrior!
The orc warrior is moderately wounded.
You block the orc warrior's attack.
Your chain mail prevents you from hitting the orc warrior.
The orc warrior is moderately wounded.
The orc warrior hits you with a halberd!
* * * LOW HITPOINT WARNING * * *
You hit the orc warrior.
The orc warrior is heavily wounded.
You block the orc warrior's attack.
You barely miss the orc warrior.
The orc warrior is heavily wounded.
You block the orc warrior's attack.
You barely miss the orc warrior.
The orc warrior is heavily wounded.
The orc warrior hits you with a halberd!
You die...

#.. ##.# ..# #... ...##.# ###.#
#.. ..##.# #<#.# #.. ..##.# #.#.#
#.. #.##.# #.#.# #o# #o##.# #.#.#
#r# #o##.### ###.#.# #o#
#@##.#.######## ....#'####.#
#.)............
#........#o###.#)####.###########
#........or......................
#....<.o.######..####.###########
#........# ...# #.# #........#
....# #.# +........# ...#.# #.#
#........# #...... #..


You could see an orc warrior and an orc wizard.

Vanquished Creatures
  An ogre (D:5)
  A bullfrog zombie (D:4)
  An orc priest (D:4)
  A bullfrog skeleton (D:4)
  A hound (D:4)
  A quasit (D:5)
  2 orc wizards
  3 worker ants
  A mummy (D:4)
  10 adders
  3 oozes
  A worm (D:3)
  2 dart slugs
  A leopard gecko (D:3)
  7 orcs
  7 ball pythons
  4 giant cockroaches
  10 goblins
  7 hobgoblins
  6 jackals
  3 kobolds
  A quokka (D:3)
  6 bats
  7 frilled lizards
  2 goblin zombies (D:4)
  A quokka skeleton (D:4)
  7 rats
97 creatures vanquished.

Notes
Turn   | Place    | Note
-------+----------+-------------------------------------------
     0 | D:1      | Kairos the Human Fighter began the quest for the Orb.
     0 | D:1      | Reached XP level 1. HP: 18/18 MP: 1/1
    43 | D:1      | Reached XP level 2. HP: 18/24 MP: 2/2
   160 | D:1      | Reached XP level 3. HP: 21/29 MP: 3/3
  1050 | D:2      | Reached XP level 4. HP: 16/35 MP: 4/4
  1570 | D:2      | Reached XP level 5. HP: 17/41 MP: 5/5
  1720 | D:2      | Reached skill level 1 in Dodging
  2515 | D:4      | Reached XP level 6. HP: 46/48 MP: 6/6
  2809 | D:4      | Found Wisali Noaf's Magic Scroll Shop.
  3170 | D:4      | Reached XP level 7. HP: 49/53 MP: 7/7
  3696 | D:5      | Entered Level 5 of the Dungeon
  3819 | D:5      | HP: 1/53 [ogre/giant spiked club (3)]
  4921 | D:6      | Slain by an orc warrior

Skill      XL: |  1  2  3  4  5  6  7 |
---------------+----------------------+-----
Axes           | 3 4 |  4.8
Dodging        | 1 2 |  2.1
Shields        | 4 |  4.6
Armour         | 4 |  4.5
Fighting       | 4 |  4.1
Stealth        | |  0.2

Action                   |  1- 3 |  4- 6 |  7- 9 || total
-------------------------+-------+-------+-------++-------
Melee: War axe           |   114 |   256 |    83 ||   453
  Use: Scroll            |       |       |     2 ||     2
       Potion            |       |       |     1 ||     1
  Eat: Chunk             |       |     7 |     2 ||     9
       Ration            |       |       |     1 ||     1
Armor: Scale mail        |    56 |     7 |       ||    63
       Chain mail        |       |   140 |    85 ||   225
Dodge: Dodged            |    30 |    59 |    32 ||   121
Block: Shield            |    62 |   138 |    68 ||   268
